 Dungeon Crawl Stone Soup version 0.24.0-37-gcf1ca852f1 (webtiles) character file.

Game seed: 1973559647439655837, levelgen mode: deterministic

42 FishyPogo the Skirmisher (level 3, -1/35 HPs)
             Began as a Gnoll Abyssal Knight on Nov 24, 2019.
             Was an Initiate of Jiyva.
             Slain by an ancient zyme (5 damage)
             ... created by the touch of Lugonu
             ... on level 1 of the Dungeon.
             The game lasted 00:04:43 (726 turns).

FishyPogo the Skirmisher (Gnoll Abyssal Knight)      Turns: 726, Time: 00:04:44

Health: -1/35      AC:  3    Str: 14    XL:     3   Next: 54%
Magic:  6/6        EV: 13    Int: 14    God:    Jiyva [......]
Gold:   22         SH:  0    Dex: 15    Spells: 3/3 levels left

rFire    . . .     SeeInvis .   a - +1 falchion
rCold    . . .     Gourm    .   (no shield)
rNeg     . . .     Faith    .   b - +0 leather armour
rPois    .         Spirit   .   (no helmet)
rElec    .         Reflect  .   (no cloak)
rCorr    .         Harm     .   (no gloves)
MR       .....                  (no boots)
Stlth    +.........             (no amulet)
HPRegen  0.00/turn              (no ring)
MPRegen  0.10/turn              (no ring)

@: non-regenerating, badly diseased, invisible
A: distributed training, fangs 1, strong nose
a: Renounce Religion


You were on level 1 of the Dungeon.
You worshipped Jiyva.
Jiyva was noncommittal.
You were not hungry.

You visited 1 branch of the dungeon, and saw 1 of its levels.
You visited the Abyss 1 time.

You collected 22 gold pieces.

Inventory:

Hand Weapons
 a - a +1 falchion (weapon)
Missiles
 d - 9 poisoned darts (quivered)
 f - 3 stones
Armour
 b - a +0 leather armour (worn)
Scrolls
 h - a scroll of random uselessness {unknown}
 k - a scroll of fear {unknown}
Potions
 g - a potion of resistance {unknown}
Comestibles
 c - a ration
 j - 3 chunks of flesh


   Skills:
 + Level 6.5 Fighting
 + Level 0.8 Short Blades
 + Level 4.5 Long Blades
 + Level 0.8 Axes
 + Level 0.8 Maces & Flails
 + Level 0.8 Polearms
 + Level 0.8 Staves
 + Level 0.8 Slings
 + Level 0.8 Bows
 + Level 0.8 Crossbows
 + Level 0.8 Throwing
 + Level 4.5 Armour
 + Level 2.6 Dodging
 + Level 0.8 Stealth
 + Level 0.8 Shields
 + Level 0.8 Unarmed Combat
 + Level 0.8 Spellcasting
 + Level 0.5 Conjurations
 + Level 0.5 Hexes
 + Level 0.5 Charms
 + Level 0.5 Summonings
 + Level 0.5 Necromancy
 + Level 0.5 Translocations
 + Level 0.5 Transmutations
 + Level 0.5 Fire Magic
 + Level 0.5 Ice Magic
 + Level 0.5 Air Magic
 + Level 0.5 Earth Magic
 + Level 0.5 Poison Magic
   Level 4.6 Invocations
 + Level 0.8 Evocations


You had 3 spell levels left.
You didn't know any spells.
Your spell library was empty.

Dungeon Overview and Level Annotations

Branches:
Dungeon (1/15)

Altars:


Innate Abilities, Weirdness & Mutations

Your experience applies equally to all skills.
You have very sharp teeth.
Your uncanny sense of smell can sniff out nearby items.


Message History

You throw a poisoned dart.
The poisoned dart hits the ancient zyme.
The ancient zyme is moderately damaged.
You feel ill.
You hear a distant slurping noise.
Jiyva appreciates your sacrifice.
You aren't carrying any items that you can evoke.
As you read the scroll labeled ATEDGH ZONITIZ, it crumbles to dust.
The scroll dissolves into smoke.
It was a scroll of fog.
The ancient zyme hits you.
The ancient zyme hits you but does no damage.
You hear a distant slurping noise.
You hear a distant slurping noise.
You feel ill.
It was a potion of invisibility.
You fade into invisibility!
The ancient zyme hits you!
* * * LOW HITPOINT WARNING * * *
The ancient zyme hits you.
You die...

##.## #$.♣♣♣...♣♣♣..P♣♣♣...♣♣♣..#
#...###........P.P...P.P...P..P.#
.......................).......[.
#...###.P.........P....P...P..P..
.........♣♣♣...♣♣♣P.P♣♣♣P.P♣♣♣P.
.#####..P♣ ♣...♣ ♣...♣ ♣..P♣ .
.######.P♣♣♣P§P♣♣♣P..♣♣♣P..♣♣♣...
.....##.....§§PP.PP†PPPPP....PP.#
...#.##.....§§§x@...............#
.#.#.###.#)######.######.#.######
.#.#.###...# #.# #.....
.....x...### #.# ##......
...l.##### #.# ....### ##.### #.#
....# ...# #.. #.w.# #### ###
#..#


You could see an ancient zyme.

Vanquished Creatures
  An iron imp (Abyss:1)
  A white imp (Abyss:1)
  A giant cockroach (D:1)
  2 hobgoblins (D:1)
  3 kobolds (D:1)
  A rat (D:1)
9 creatures vanquished.

Vanquished Creatures (others)
  A small abomination (Abyss:1)
  A jelly (D:1)
  2 ball pythons (D:1)
  A goblin (D:1)
  A frilled lizard (D:1)
6 creatures vanquished.

Grand Total: 15 creatures vanquished

Notes
Turn   | Place    | Note
-------+----------+-------------------------------------------
     0 | Abyss:1  | FishyPogo the Gnoll Abyssal Knight began the quest for the
                  | Orb.
     0 | Abyss:1  | Reached XP level 1. HP: 23/23 MP: 3/3
    18 | Abyss:1  | Found a viscous altar of Jiyva.
    21 | Abyss:1  | Fell from the grace of Lugonu
    21 | Abyss:1  | Became a worshipper of Jiyva Jauxtig the Shapeless
    55 | Abyss:1  | Reached XP level 2. HP: 19/29 MP: 5/5
    55 | Abyss:1  | Noticed a small abomination
   106 | Abyss:1  | Noticed an apocalypse crab
   280 | Abyss:1  | Killed a small abomination
   415 | Abyss:1  | Reached XP level 3. HP: 35/35 MP: 6/6
   417 | D:1      | Escaped the Abyss
   595 | D:1      | Noticed an ancient zyme
   726 | D:1      | Slain by an ancient zyme

Levels and vault maps discovered:
D:1:      minmay_arrival_three_doors, layout_loops_corners, kennysheep_boxes

Action                   || total
-------------------------++-------
Melee: Falchion          ||    36
       Bite              ||     2
Throw: Dart              ||     1
  Use: Scroll            ||     1
       Potion            ||     1
Armor: Leather armour    ||     8
Dodge: Dodged            ||    29
       Rpst.: Falchion   ||     9
